 Dungeon Crawl Stone Soup version 0.32-a0-666-ge8a88695a4 (webtiles) character file.

Game seed: 15240917847403320492

11 Malificent the Changeling (level 2, -2/23 HPs)
             Began as a Draconian Shapeshifter on Mar 10, 2024.
             Slain by a gnoll
             ... wielding a +0 spear
              (4 damage)
             ... on level 1 of the Dungeon.
             The game lasted 00:01:01 (271 turns).

Malificent the Changeling (Draconian Shapeshifter)   Turns: 271, Time: 00:01:01

Health: -2/23      AC:  4    Str: 16    XL:     2   Next: 13%
Magic:  2/2        EV: 12    Int: 10    God:
Gold:   14         SH:  0    Dex: 10    Spells: 1/1 levels left

rFire   . .          .
                       - Unarmed
rCold   . . .        (no shield)
rNeg    . . .        (body armour unavailable)
rPois   .            (helmet currently unavailable)
rElec   .            (cloak currently unavailable)
rCorr   .            (gloves currently unavailable)
SInv    .            (boots currently unavailable)
Will    .....        (no amulet)
Stlth   +            (no ring)
HPRegen 0.23/turn    (no ring)
MPRegen 0.08/turn

%: no passive effects
@: beast-form
A: beast (slay +1), AC +4, unfitting armour, cold-blooded
a: Begin Untransformation


You were on level 1 of the Dungeon.
You were a hulking beast.
You visited 1 branch of the dungeon, and saw 1 of its levels.

You collected 14 gold pieces.

Inventory:

Hand Weapons
 e - a +0 dagger of venom
Jewellery
 d - an amulet of faith
Talismans
 b - a beast talisman (active)
 c - a flux talisman
Scrolls
 f - a scroll of teleportation {unknown}
Potions
 a - a potion of lignification


   Skills:
 + Level 1.2 Fighting
 + Level 1.7 Dodging
 + Level 3.2 Unarmed Combat
 + Level 3.3 Shapeshifting


You had one spell level left.
You didn't know any spells.
Your spell library was empty.

Dungeon Overview and Level Annotations

Branches:
Dungeon (1/15)

Altars:


Innate Abilities, Weirdness & Mutations

You are a hulking beast.
Your limbs bulge with bestial killing power. (Slay +1)
Your plain brown scales are hard. (AC +4)
You cannot fit into any form of body armour.
You are cold-blooded and may be slowed by cold attacks.


Message History

The gnoll shouts!
The rat bites you.
You hit the rat.
Your tail-slap misses the rat.
The rat is severely wounded.
The bat barely misses you.
You barely miss the rat.
The rat is severely wounded.
The rat bites you but does no damage.
The teleport trap disappears.
The kobold disappears!
The bat closely misses you. The bat barely misses you.
The rat barely misses you. The gnoll closely misses you.
There is an open door here.
The gnoll attacks as it pursues you!
The gnoll hits you from afar with a +0 spear!
The bat misses you. The bat hits you but does no damage.
You punch the bat!
You kill the bat!
The gnoll hits you but does no damage. The rat bites you.
You hit the rat.
You kill the rat!
The gnoll hits you from afar with a +0 spear.
The gnoll hits you but does no damage.
There is an open door here.
You see here a rat corpse.
You barely miss the gnoll.
You tail-slap the gnoll, but do no damage.
The gnoll closely misses you.
You closely miss the gnoll. The gnoll hits you with a +0 spear.
You barely miss the gnoll. The gnoll closely misses you.
You hit the gnoll.
The gnoll is moderately wounded.
The gnoll hits you with a +0 spear!
* * * LOW HITPOINT WARNING * * *
You hit the gnoll.
The gnoll is heavily wounded.
The gnoll barely misses you.
You hit the gnoll. Your punch misses the gnoll.
The gnoll is almost dead.
The gnoll hits you with a +0 spear.
You die...

#........#
#........#
+.>......#
#####........#
#...........#
##..........[#
.............#
.......g.....#
....###h#########
# . #.# #...# #
#.# #.#.###### #
#.# #.#......# #
#.# #.....##.# #
#.# #.....##.###
#.# #.....##....
#.#####...######..
#..##.....# #..


You could see a gnoll.

Vanquished Creatures
  2 bats (D:1)
  An endoplasm (D:1)
  A giant cockroach (D:1)
  A goblin (D:1)
  2 hobgoblins (D:1)
  A frilled lizard (D:1)
  A kobold (D:1)
  A rat (D:1)
10 creatures vanquished.

Notes
Turn   | Place    | Note
-------+----------+-------------------------------------------
     0 | D:1      | Malificent the Draconian Shapeshifter began the quest for
                  | the Orb.
     0 | D:1      | Reached XP level 1. HP: 16/16 MP: 1/1
   143 | D:1      | Reached XP level 2. HP: 23/23 MP: 2/2
   271 | D:1      | Slain by a gnoll

Illustrated notes

Levels and vault maps discovered:
D:1:      amcnicky_arrival_blooded_trapdoor, layout_basic

Action                     || total
---------------------------++-------
  Melee: Unarmed           ||    28
         Tailslap          ||     3
 Armour: Skin              ||    17
  Dodge: Dodged            ||    19

Table legend: (Time is in decaauts)
 A = Elapsed time spent in this place.
 B = Non-inter-level travel time spent in this place.
 C = Inter-level travel time spent in this place.
 D = Time resting spent in this place.
 E = Time spent auto-exploring this place.
 F = Levels seen in this place.
 G = Mean time per level.
                   A        B        C        D        E       F      G
               +--------+--------+--------+--------+--------+-----+--------+
         Total |    269 |    269 |      0 |      0 |    179 |   1 |  269.0 |
       Dungeon |    269 |    269 |      0 |      0 |    179 |   1 |  269.0 |
               +--------+--------+--------+--------+--------+-----+--------+

Top non-repeatable levels by time:
     D:1: 269 daAuts
